 Dungeon Crawl Stone Soup version 0.26-a0-708-g17f3b190f9 (webtiles) character file.

Game seed: 14998007829916250403

8716 snetch the Cleaver (level 11, -14/145 HPs)
             Began as a Minotaur Berserker on Oct 29, 2020.
             Was a High Priest of Trog.
             Demolished by Gastronok (29 damage)
             ... on level 10 of the Dungeon on Oct 30, 2020.
             The game lasted 00:38:12 (9999 turns).

snetch the Cleaver (Minotaur Berserker)             Turns: 9999, Time: 00:38:13

Health: -14/145    AC: 18    Str: 25    XL:     11   Next: 13%
Magic:  3/3        EV:  9    Int:  4    God:    Trog [*****.]
Gold:   649        SH:  0    Dex: 10    Spells: 10/10 levels left

rFire    . . .     SeeInvis .   a - +2 executioner's axe (antimagic)
rCold    + . .     Faith    .   (shield currently unavailable)
rNeg     . . .     Spirit   .   x - +0 plate armour
rPois    .         Reflect  .   (helmet restricted)
rElec    .         Harm     .   w - +0 cloak
rCorr    .         Rampage  .   v - +0 pair of gloves
MR       +....                  (no boots)
Stlth    ..........             X - amulet of regeneration
HPRegen  0.74/turn              R - ring of protection from cold
MPRegen  0.08/turn              g - ring of protection from magic

@: berserking, very quick
A: retaliatory headbutt, horns 2
a: Berserk, Trog's Hand, Brothers in Arms, Renounce Religion


You were on level 10 of the Dungeon.
You worshipped Trog.
Trog was extremely pleased with you.
You visited 2 branches of the dungeon, and saw 11 of its levels.
You also visited: Sewer and Ossuary.

You collected 748 gold pieces.
You spent 99 gold pieces at shops.

Inventory:

Hand Weapons
 a - a +2 antimagic executioner's axe (weapon)
 b - the +9 dagger "Rotoalann" {antimagic, rElec MP+9 Str+10 Dex-5}
   (You found it on level 8 of the Dungeon)

   It reduces the magical energy of the wielder, and disrupts the spells and
   magical abilities of those hit.
   Natural abilities and divine invocations are not affected.
   It affects your strength (+10).
   It affects your dexterity (-5).
   It insulates you from electricity.
   It affects your magic capacity (+9).
 c - a +2 trident of venom
 t - a +4 battleaxe
 y - a +0 flail
 T - a +2 hand axe of electrocution
 W - a +1 great sword of flaming
 Y - a +2 trident of protection
Missiles
 f - 327 stones
 i - 2 datura-tipped darts
 j - 3 boomerangs
 o - 27 poisoned darts (quivered)
 r - 219 arrows
 A - 2 throwing nets
 D - 35 bolts
 E - 47 sling bullets
 G - 3 boomerangs of dispersal
 J - 8 javelins
 M - 6 curare-tipped darts
Armour
 v - a +0 pair of gloves (worn)
 w - a +0 cloak (worn)
 x - a +0 plate armour (worn)
Jewellery
 g - a ring of protection from magic (right hand)
 n - a +6 ring of intelligence
 R - a ring of protection from cold (left hand)
 S - an uncursed ring of resist corrosion
 X - an amulet of regeneration (around neck)
Wands
 p - a wand of paralysis (6)
 F - a wand of acid (22)
 V - a wand of random effects (16)
 Z - a wand of iceblast (8)
Scrolls
 d - 2 scrolls of magic mapping
 h - 2 scrolls of noise {unknown}
 k - 5 scrolls of enchant armour {unknown}
 l - 4 scrolls of remove curse
 m - 10 scrolls of teleportation {unknown}
 q - 3 scrolls of fog
 s - 2 scrolls of immolation
 u - a scroll of acquirement {unknown}
 C - 7 scrolls of fear {unknown}
 I - 2 scrolls of blinking
 L - 2 scrolls of amnesia {unknown}
Potions
 e - 5 potions of haste {unknown}
 z - 5 potions of might {unknown}
 H - 3 potions of heal wounds {unknown}
 O - a potion of ambrosia
 P - 2 potions of flight
 Q - a potion of cancellation
 U - 13 potions of curing {unknown}


   Skills:
 + Level 9.1 Fighting
 + Level 1.7 Short Blades
 + Level 13.5 Axes
 + Level 11.4 Armour
 + Level 5.2 Dodging
 + Level 2.1 Stealth
   Level 2.0 Shields


You had 10 spell levels left.
You didn't know any spells.
Your spell library contained the following spells:

 Spells                   Type           Power        Failure   Level
 Poisonous Vapours        Pois/Air       #.....       100%        2
 Conjure Flame            Conj/Fire      #.......     100%        3
 Mephitic Cloud           Conj/Pois/Air  #.......     100%        3
 Freezing Cloud           Conj/Ice/Air   #.........   100%        6


Dungeon Overview and Level Annotations

Branches:
Dungeon (10/15)            Temple (1/1) D:6            Lair (0/6) D:8
    Orc (0/2) D:10          Sewer (visited)         Ossuary (visited)

Altars:
Ashenzari
Cheibriados
Dithmenos
Elyvilon
Fedhas
Gozag
Hepliaklqana
Kikubaaqudgha
Makhleb
Nemelex Xobeh
Okawaru
Qazlal
Ru
Sif Muna
Trog
Uskayaw
Vehumet
Wu Jian
Xom
Yredelemnul
Zin
The Shining One

Shops:
D:5 ?

Annotations:
D:10 Gastronok


Innate Abilities, Weirdness & Mutations

You reflexively headbutt those who attack you in melee.
You have a pair of horns on your head.


Message History

A cyclops comes into view.
You slice Gastronok!!
Gastronok's magic leaks into the air.
Gastronok is almost dead.
Gastronok falters for a moment.
Gastronok falters for a moment.
Gastronok gurgles, "Slow down, so I can eat you."
Gastronok bites you!
You slice Gastronok!!
Gastronok's magic leaks into the air.
Gastronok is almost dead.
The cyclops throws a large rock.
The large rock hits you! Gastronok bites you!! The cyclops hits you!!
* * * LOW HITPOINT WARNING * * *
A red film seems to cover your vision as you go berserk!
You feel yourself moving faster!
You feel mighty!
You slice the cyclops!!
The cyclops is severely wounded.
You slash Gastronok!
Gastronok's magic leaks into the air.
The cyclops closely misses you. You furiously retaliate!
You headbutt the cyclops! Gastronok bites you!!
You die...

................#.......
................#......
................#.....
................#....
................#...
................#..
##.##....#####.##.#
##.##.)..#####.##C#
...##.......#..(@.#
...##...<...#..w..#
...##.......#.....#
...##.......#.....#
...##.......#.....#
...#...)..[.#.....#
...#.######[[#....#
..##'# ##)##...#
..#...#####)).'...#


You could see Gastronok and a cyclops.

Vanquished Creatures
  2 two-headed ogres
  An ugly thing (D:8)
  2 komodo dragons (D:8)
  3 trolls
  A wraith (Ossuary)
  2 wyverns
  2 basilisks (D:8)
  A steam dragon (D:8)
  2 water moccasins (D:6)
  5 ice beasts
  2 orc warriors (D:10)
  3 black bears
  A necrophage (D:8)
  8 ogres
  4 centaurs
  3 big kobolds
  6 bullfrogs
  A wyvern zombie (D:8)
  A scorpion (D:8)
  15 wights
  A howler monkey (D:7)
  2 centaur zombies
  3 hounds
  A quasit (D:9)
  3 jellies
  8 orc priests
  A centaur skeleton (D:6)
  3 iguanas
  7 orc wizards
  6 worker ants
  A hound zombie (D:5)
  3 mummies (Ossuary)
  2 worker ant zombies
  8 gnolls
  14 adders
  2 shadow imps (D:7)
  3 white imps
  2 ufetubi
  An ooze (D:5)
  A worm zombie (D:7)
  2 adder skeletons
  9 leopard geckos
  61 orcs
  7 giant cockroaches
  2 gnoll zombies (Ossuary)
  5 hobgoblins
  6 jackals
  9 quokkas
  3 ball pythons
  4 bats
  14 frilled lizards
  13 goblins
  5 goblin zombies (Ossuary)
  24 kobolds
  4 kobold zombies (Ossuary)
  A leopard gecko skeleton (D:4)
  A leopard gecko zombie (D:5)
  An orc zombie (Ossuary)
  4 rats
312 creatures vanquished.

Notes
Turn   | Place    | Note
-------+----------+-------------------------------------------
     0 | D:1      | snetch the Minotaur Berserker began the quest for the Orb.
     0 | D:1      | Reached XP level 1. HP: 19/19 MP: 0/0
   353 | D:1      | Reached skill level 4 in Axes
   523 | D:1      | Reached XP level 2. HP: 23/27 MP: 1/1
  1150 | D:2      | Reached ** piety under Trog
  1346 | D:3      | Found a blossoming altar of Fedhas.
  1524 | D:2      | Reached XP level 3. HP: 30/33 MP: 2/2
  1663 | D:3      | Reached XP level 4. HP: 13/40 MP: 3/3
  2457 | D:2      | Noticed an ogre
  2463 | D:2      | Reached skill level 5 in Axes
  2470 | D:2      | Killed an ogre
  2470 | D:2      | Reached skill level 1 in Stealth
  2470 | D:2      | Reached XP level 5. HP: 36/47 MP: 4/4
  2993 | D:3      | Reached skill level 6 in Axes
  3012 | D:4      | Reached XP level 6. HP: 50/53 MP: 5/5
  3165 | D:2      | Reached *** piety under Trog
  3260 | D:3      | Reached skill level 5 in Fighting
  3645 | D:3      | Found a bloodstained altar of Trog.
  3646 | D:3      | Found a broken altar of Ashenzari.
  3649 | D:3      | Found a shimmering blue altar of Sif Muna.
  3656 | D:3      | Found a shadowy altar of Dithmenos.
  3658 | D:3      | Found a hazy altar of Hepliaklqana.
  3659 | D:3      | Found a glowing silver altar of Zin.
  3660 | D:3      | Found an ancient bone altar of Kikubaaqudgha.
  3867 | D:5      | Entered Level 5 of the Dungeon
  3915 | D:5      | Noticed an ice beast
  3922 | D:5      | Killed an ice beast
  3922 | D:5      | Reached skill level 7 in Axes
  3922 | D:5      | Reached XP level 7. HP: 13/61 MP: 6/6
  4022 | D:5      | Found a glowing drain.
  4058 | Sewer    | Entered a sewer
  4461 | D:4      | Got an ancient emerald amulet
  4467 | D:4      | Identified the amulet of Starshine {Spirit rPois rF- rC-
                  | Dex+6} (You found it on level 4 of the Dungeon)
  4827 | D:6      | Reached skill level 8 in Axes
  4827 | D:6      | Reached skill level 5 in Armour
  4895 | D:5      | Reached XP level 8. HP: 50/70 MP: 7/7
  5083 | D:5      | Reached **** piety under Trog
  5083 | D:5      | Reached skill level 9 in Axes
  5153 | D:5      | Found Rinaf's Magic Scroll Shoppe.
  5156 | D:5      | Bought a scroll of remove curse for 33 gold pieces
  5156 | D:5      | Bought a scroll of identify for 22 gold pieces
  5156 | D:5      | Bought a scroll of fog for 22 gold pieces
  5166 | D:5      | Bought a scroll of identify for 22 gold pieces
  5447 | D:7      | Reached skill level 10 in Axes
  5597 | D:7      | Found a sand-covered staircase.
  5623 | Ossuary  | Entered an ossuary
  6345 | D:6      | Found a staircase to the Ecumenical Temple.
  6353 | D:6      | Reached ***** piety under Trog
  6359 | D:6      | Reached skill level 11 in Axes
  6359 | D:6      | Reached XP level 9. HP: 51/77 MP: 5/8
  6387 | Temple   | Entered the Ecumenical Temple
  6867 | D:7      | Found a sacrificial altar of Ru.
  6938 | D:7      | Found a shimmering altar of Xom.
  7021 | D:7      | Found a sparkling altar of Nemelex Xobeh.
  7086 | D:8      | Found a stormy altar of Qazlal.
  7375 | D:8      | Noticed a purple ugly thing
  7387 | D:8      | Killed a purple ugly thing
  7393 | D:8      | Reached skill level 12 in Axes
  7444 | D:8      | Received a gift from Trog
  7653 | D:8      | Got a crystal dagger
  7680 | D:8      | Found a glowing golden altar of the Shining One.
  8043 | D:8      | Identified the +9 dagger "Rotoalann" {antimagic, rElec MP+9
                  | Str+10 Dex-5} (You found it on level 8 of the Dungeon)
  8099 | D:8      | Noticed a two-headed ogre
  8110 | D:8      | HP: 3/80 [two-headed ogre/+0 giant club (13)]
  8128 | D:8      | Killed a two-headed ogre
  8128 | D:8      | Reached XP level 10. HP: 31/88 MP: 6/9
  8280 | D:9      | Reached skill level 1 in Short Blades
  8343 | D:8      | Reached skill level 10 in Armour
  8362 | D:8      | Found a staircase to the Lair.
  8956 | D:9      | Noticed a two-headed ogre
  8963 | D:9      | Reached skill level 13 in Axes
  8965 | D:9      | Killed a two-headed ogre
  8965 | D:9      | Reached skill level 5 in Dodging
  9001 | D:9      | Reached skill level 1 in Shields
  9017 | D:8      | Reached XP level 11. HP: 56/97 MP: 10/10
  9295 | D:10     | Entered Level 10 of the Dungeon
  9615 | D:10     | Found a staircase to the Orcish Mines.
  9624 | D:10     | Received a gift from Trog
  9978 | D:10     | Noticed Gastronok
  9999 | D:10     | Demolished by Gastronok

Illustrated notes

Levels and vault maps discovered:
D:1:      nzn_arrival_depleted_hourglass, layout_loops_ring, serial_glass,
          glass_columns_c, glass_columns_c, glass_columns_a, glass_columns_a,
          glass_columns_a, glass_columns_a, minmay_misc_feat_roman,
          hangedman_decor_clover_reticule, serial_park_tiny_1,
          hangedman_decor_points, minmay_misc_feat_five
D:2:      layout_basic
D:3:      layout_basic, minitemple, fedhas_altar_2, minmay_ogre_servants
D:4:      layout_rooms
D:5:      layout_rooms, gup_sewer_entry_pipe, serial_shops, kennysheep_mini
D:6:      layout_basic, minmay_temple_entry_glass
D:7:      layout_loops_cross, lemuel_doored_altar,
          nemelex_xobeh_ov_fountains_minmay, nicolae_ru_path_of_blood,
          enter_ossuary_3
D:8:      minmay_angry_zag, layout_basic, nicolae_qazlal_general_emergency,
          erik_lair_dragon, basic_altar
D:9:      layout_cave_pools
D:10:     layout_stronghold, hiddenorc2_lemuel, uniq_gastronok
Temple:   cyrus_temple_forest

Skill      XL: |  1  2  3  4  5  6  7  8  9 10 11 |
---------------+----------------------------------+-----
Axes           | 4 5 6 7 8 11 12 13 | 13.5
Fighting       | 4 5 6 8 9 |  9.1
Armour         | 3 4 5 6 9 11 | 11.4
Stealth        | 1 2 |  2.1
Dodging        | 3 4 5 |  5.2
Short Blades   | 1 |  1.7
Shields        | 1 2 |  2.0

Action                   |  1- 3 |  4- 6 |  7- 9 | 10-12 || total
-------------------------+-------+-------+-------+-------++-------
Melee: Hand axe          |    56 |    54 |   228 |   170 ||   508
       Headbutt          |    11 |    19 |    54 |    33 ||   117
       War axe           |       |    56 |    45 |       ||   101
       Dagger            |       |       |    11 |     5 ||    16
       Executioner's axe |       |       |       |    13 ||    13
Throw: Dart              |       |       |       |     3 ||     3
Invok: Berserk           |     1 |     4 |       |     3 ||     8
       Trog's Hand       |       |       |     2 |       ||     2
  Use: Scroll            |       |       |     8 |     3 ||    11
Armor: Animal skin       |     5 |       |       |       ||     5
       Ring mail         |     6 |     7 |       |       ||    13
       Chain mail        |       |    41 |   111 |    77 ||   229
       Plate armour      |       |       |       |     1 ||     1
Dodge: Dodged            |    27 |    57 |   128 |    81 ||   293
Block: Buckler           |       |       |     3 |    20 ||    23

Table legend: (Time is in decaauts)
 A = Elapsed time spent in this place.
 B = Non-inter-level travel time spent in this place.
 C = Inter-level travel time spent in this place.
 D = Time resting spent in this place.
 E = Time spent auto-exploring this place.
 F = Levels seen in this place.
 G = Mean time per level.
                   A        B        C        D        E       F      G
               +--------+--------+--------+--------+--------+-----+--------+
         Total |  10111 |   9646 |    465 |    199 |   6237 |  13 |  777.8 |
       Dungeon |   9049 |   8623 |    426 |    199 |   5555 |  10 |  904.9 |
        Temple |    191 |    152 |     39 |      0 |    133 |   1 |  191.0 |
         Sewer |    364 |    364 |      0 |      0 |    137 |   1 |  364.0 |
       Ossuary |    506 |    506 |      0 |      0 |    412 |   1 |  506.0 |
               +--------+--------+--------+--------+--------+-----+--------+

Top non-repeatable levels by time:
     D:8: 1682 daAuts
     D:2: 1618 daAuts
     D:3: 1129 daAuts
     D:1: 1064 daAuts
     D:5: 790 daAuts
     D:7: 787 daAuts
     D:9: 669 daAuts
 Ossuary: 506 daAuts
     D:6: 479 daAuts
     D:4: 449 daAuts
    D:10: 377 daAuts
   Sewer: 364 daAuts
  Temple: 191 daAuts
